 Dungeon Crawl Stone Soup version 0.18.1-48-g4cf74bf (webtiles) character file.

48998 nikopol the Severer (level 14, -4/126 HPs)
             Began as a Minotaur Berserker on Sept 5, 2016.
             Was the Champion of Trog.
             Slain by a spiny frog (13 damage)
             ... on level 7 of the Lair of Beasts on Sept 6, 2016.
             The game lasted 00:57:08 (19357 turns).

nikopol the Severer (Minotaur Berserker)           Turns: 19357, Time: 00:57:09

Health: -4/126     AC: 19    Str: 22    XL:     14   Next: 14%
Magic:  13/13      EV: 14    Int:  4    God:    Trog [******]
Gold:   1253       SH:  0    Dex: 15    Spells: 0 memorised, 13 levels left

rFire  . . .     SeeInvis .     a - +2 broad axe (freeze)
rCold  + + .     Gourm    .     B - +1 chain mail {rC+}
rNeg   . . .     Faith    .     (no shield)
rPois  +         Spirit   .     O - +1 hat
rElec  .         Dismiss  .     u - +0 cloak
rCorr  .         Reflect  .     w - +0 pair of gloves
SustAt .         Harm     .     E - +1 pair of boots
MR     +....                    L - amulet of regeneration
Stlth  ..........               x - ring of poison resistance
                                T - ring of protection from cold

@: lethally poisoned (-4 -> -4), exhausted, slowed, very slow, somewhat
resistant to hostile enchantments, extremely unstealthy
A: retaliatory headbutt, horns 2
a: Berserk, Trog's Hand, Brothers in Arms, Burn Spellbooks, Renounce Religion


You were on level 7 of the Lair of Beasts.
You worshipped Trog.
Trog was exalted by your worship.
You were very hungry.

You visited 2 branches of the dungeon, and saw 18 of its levels.
You also visited: Sewer.

You collected 1253 gold pieces.

Inventory:

Hand Weapons
 a - a +2 broad axe of freezing (weapon)
 z - a +4 shortbow of freezing
 M - a +3 longbow of evasion
 S - a +1 antimagic war axe
Missiles
 s - 323 arrows (quivered)
Armour
 g - a +3 ring mail
 u - a +0 cloak (worn)
 w - a +0 pair of gloves (worn)
 B - a +1 chain mail of cold resistance (worn)
 E - a +1 pair of boots (worn)
 O - a +1 hat (worn)
Jewellery
 h - a +3 ring of protection
 n - an uncursed ring of positive energy
 x - a ring of poison resistance (right hand)
 K - an uncursed ring of sustain attributes
 L - an amulet of regeneration (around neck)
 T - a ring of protection from cold (left hand)
Wands
 A - a wand of teleportation (6/9)
Scrolls
 b - 2 scrolls of fear
 e - 4 scrolls of remove curse
 i - 3 scrolls of enchant weapon
 p - 4 scrolls of fog
 q - 8 scrolls of teleportation
 t - 2 scrolls of blinking {unknown}
 v - 4 scrolls of enchant armour
 C - 4 scrolls of random uselessness {unknown}
 G - 4 scrolls of immolation {unknown}
 Q - a scroll of recharging
 U - a scroll of silence
 V - a scroll of identify
 Y - a scroll of magic mapping
Potions
 d - 8 potions of brilliance
 k - 3 potions of might
 l - 10 potions of curing
 o - a potion of heal wounds
 y - 2 potions of cure mutation
 I - 2 potions of magic
 J - 2 potions of haste
 P - 4 potions of agility
 W - a potion of resistance
 Z - a potion of flight
Comestibles
 c - 14 bread rations
 f - 3 beef jerkies
 m - 2 slices of pizza
 D - 2 meat rations
 H - 26 fruits


   Skills:
 + Level 12.2 Fighting
 * Level 15.2 Axes
 * Level 13.5 Bows
 + Level 11.9 Armour
 + Level 11.2 Dodging


You had 13 spell levels left.
You didn't know any spells.

Dungeon Overview and Level Annotations

Branches:
Dungeon (11/15)            Temple (0/1) D:7            Lair (7/8) D:11
  Swamp (0/4) Lair:5       Spider (0/4) Lair:5        Slime (0/6) Lair:6
    Orc (0/2) D:10

Altars:
Ashenzari
Cheibriados
Dithmenos
Elyvilon
Fedhas
Gozag
Nemelex Xobeh
Okawaru
Pakellas
Qazlal
Ru
Sif Muna
Trog
Vehumet
Yredelemnul
The Shining One
Jiyva

Shops:
D:6 *%   D:8 ?


Innate Abilities, Weirdness & Mutations

You reflexively headbutt those who attack you in melee.
You have a pair of horns on your head.


Message History

The spiny frog stings you!
* * * LOW HITPOINT WARNING * * *
Drink which item? (? for menu, Esc to quit)
Okay, then.
Read which item? (? for menu, Esc to quit)
As you read the scroll of summoning, it crumbles to dust.
Wisps of shadow whirl around you...
You feel sick. The spiny frog closely misses you.
The river rat twitches its whiskers.
The river rat bites something.
You hear a shout!
The spiny frog closely misses you. The river rat misses you.
You feel sick. The river rat bites your hill giant.
Your hill giant hits the river rat with a giant spiked club!!!
The river rat dies!
Trog accepts your kill.
Your basilisk gazes at the spiny frog.
The spiny frog resists with significant effort.
The spiny frog stings you!
You die...

.....#P...##.......# ..###
.#.......#.##.....P###P....
..PP...<....#........P....
.P..PP..PP..........P...#
#...P#...P##............#
###P......##...##......#
#...........P.....)..###
##...............P.....##
#.##..l@##....#P.P.....# ##
##..SFr....##......##
#...#r.......P....#
##..C†>....PPP....##
#P........PP#....... ###
##.......P.##.......
.##P#.#...................
..P......†.....#..#......#
..P...#........#........##


You could see a spiny frog, 2 river rats, a friendly hill giant (berserk), a
friendly basilisk and a friendly water moccasin.

Vanquished Creatures
  Rupert (Lair:3)
  Gastronok (Lair:2)
  Snorg (Lair:4)
  An ice dragon (D:9)
  Harold (Lair:2)
  2 hydras
  Urug (Lair:4)
  Nergalle (Lair:1)
  A hill giant (D:10)
  An oklob plant (Lair:3)
  A griffon (Lair:4)
  13 elephants
  A torpor snail (Lair:6)
  A black mamba (Lair:6)
  14 spiny frogs
  2 rime drakes
  3 komodo dragons
  2 trolls (D:9)
  6 jumping spiders (Lair:5)
  The ghost of ThereIsNoGod the Chopper, an amateur MiGl (D:6)
  Grinder (D:3)
  2 two-headed ogres
  2 giant leeches (Lair:5)
  Prince Ribbit (D:6)
  23 blink frogs
  2 spriggans
  A wyvern (D:9)
  A redback (Lair:5)
  A fire elemental (Lair:4)
  A steam dragon (D:11)
  5 basilisks
  34 yaks
  2 wraiths
  9 hippogriffs
  3 hungry ghosts
  Edmund (D:5)
  13 water moccasins
  2 swamp worms (Lair:5)
  Duvessa (D:6)
  13 porcupines
  4 orc warriors
  2 phantoms
  5 ice beasts
  2 wasps
  2 black bears
  6 ogres
  4 sky beasts
  9 necrophages
  6 wolves (Lair:4)
  12 centaurs
  11 crocodiles
  2 big kobolds (D:9)
  17 giant frogs
  Dowan (D:6)
  7 scorpions
  A wyvern skeleton (D:6)
  A water moccasin skeleton (D:6)
  10 wights
  An electric eel (D:9)
  6 crimson imps
  5 human zombies (D:7)
  A quasit (D:5)
  6 hounds
  9 orc wizards
  A giant frog skeleton (D:10)
  Crazy Yiuf (D:3)
  A jelly (D:5)
  7 orc priests
  9 iguanas
  7 worker ants
  13 sheep
  2 ogre zombies (D:7)
  A hound zombie (D:6)
  3 hound skeletons
  2 mummies (D:7)
  A worker ant zombie (D:9)
  Robin (D:3)
  8 gnolls
  A howler monkey skeleton (D:6)
  13 adders
  34 river rats
  A shadow imp (D:5)
  3 worms (D:2)
  An adder skeleton (D:6)
  An adder zombie (D:3)
  2 dart slugs (D:1)
  4 giant geckos
  46 orcs
  3 bats
  6 giant cockroaches
  11 goblins
  12 hobgoblins
  16 jackals
  2 quokkas
  A giant cockroach zombie (D:6)
  5 giant newts
  16 kobolds
  A quokka skeleton (D:4)
  3 rats
  2 fungi
  4 plants
548 creatures vanquished.

Vanquished Creatures (collateral kills)
  A black mamba (Lair:7)
  2 river rats (Lair:7)
3 creatures vanquished.

Vanquished Creatures (others)
  2 fungi (Lair:5)
  A plant (Lair:3)
3 creatures vanquished.

Grand Total: 554 creatures vanquished

Notes
Turn   | Place    | Note
--------------------------------------------------------------
     0 | D:1      | nikopol the Minotaur Berserker began the quest for the Orb.
     0 | D:1      | Reached XP level 1. HP: 19/19 MP: 0/0
   419 | D:1      | Reached XP level 2. HP: 27/27 MP: 1/1
   978 | D:2      | Reached ** piety under Trog
  1100 | D:2      | Reached XP level 3. HP: 24/33 MP: 2/2
  1221 | D:2      | Found a white marble altar of Elyvilon.
  1237 | D:2      | Reached skill level 4 in Axes
  1793 | D:3      | Noticed Grinder
  1805 | D:3      | Killed Grinder
  1805 | D:3      | Reached skill level 5 in Fighting
  1805 | D:3      | Reached XP level 4. HP: 37/42 MP: 3/3
  1805 | D:3      | Reached XP level 5. HP: 42/48 MP: 4/4
  1893 | D:3      | Found a faded altar to an unknown god.
  1904 | D:3      | Reached skill level 5 in Axes
  1914 | D:3      | Reached XP level 6. HP: 43/56 MP: 5/5
  2435 | D:3      | Noticed Crazy Yiuf
  2444 | D:3      | Killed Crazy Yiuf
  2495 | D:3      | Noticed Robin
  2510 | D:3      | Killed Robin
  2510 | D:3      | Reached *** piety under Trog
  2893 | D:4      | Reached skill level 5 in Armour
  2893 | D:4      | Reached XP level 7. HP: 33/62 MP: 6/6
  2909 | D:4      | Found a shadowy altar of Dithmenos.
  3129 | D:4      | Found a sparkling altar of Nemelex Xobeh.
  3164 | D:4      | Found a deep blue altar of Sif Muna.
  3166 | D:4      | Found a shattered altar of Ashenzari.
  3166 | D:4      | Found a stormy altar of Qazlal.
  3693 | D:4      | Found a sacrificial altar of Ru.
  3707 | D:4      | Found a blossoming altar of Fedhas.
  3830 | D:4      | Reached skill level 6 in Axes
  3830 | D:4      | Reached skill level 5 in Dodging
  4112 | D:5      | Entered Level 5 of the Dungeon
  4444 | D:5      | Found an oddly glowing altar of Pakellas.
  4471 | D:5      | Noticed Edmund
  4479 | D:5      | Killed Edmund
  4479 | D:5      | Reached skill level 1 in Bows
  4479 | D:5      | Reached XP level 8. HP: 71/71 MP: 7/7
  4739 | D:5      | Found a glowing golden altar of the Shining One.
  4739 | D:5      | Found a snail-covered altar of Cheibriados.
  4849 | D:5      | Reached skill level 7 in Axes
  5220 | D:6      | Noticed Duvessa
  5223 | D:6      | Noticed Dowan
  5234 | D:6      | Killed Duvessa
  5234 | D:6      | Reached **** piety under Trog
  5239 | D:6      | Killed Dowan
  5331 | D:6      | Found Joshivao's General Store.
  5352 | D:6      | Found a glowing drain.
  5363 | Sewer    | Entered a sewer
  5620 | D:6      | Noticed ThereIsNoGod's ghost (amateur MiGl)
  5635 | D:6      | Killed ThereIsNoGod's ghost
  5635 | D:6      | Reached skill level 8 in Axes
  5635 | D:6      | Reached XP level 9. HP: 79/79 MP: 8/8
  5870 | D:6      | Noticed Prince Ribbit
  5877 | D:6      | Killed Prince Ribbit
  5877 | D:6      | Reached skill level 5 in Bows
  6164 | D:6      | Found Qeutueth's Food Shoppe.
  6847 | D:6      | Reached skill level 9 in Axes
  7132 | D:7      | Found a radiant altar of Vehumet.
  7542 | D:7      | Reached XP level 10. HP: 80/88 MP: 9/9
  7599 | D:7      | Found a basalt altar of Yredelemnul.
  7699 | D:7      | Found a staircase to the Ecumenical Temple.
  7761 | D:8      | Received a gift from Trog
  8108 | D:8      | Found an opulent altar of Gozag.
  8341 | D:8      | Reached skill level 10 in Axes
  8402 | D:8      | Found Lufrint's Magic Scroll Emporium.
  8639 | D:9      | Reached ***** piety under Trog
  9006 | D:9      | Received a gift from Trog
  9104 | D:9      | Found an iron altar of Okawaru.
  9104 | D:9      | Found a bloodstained altar of Trog.
  9669 | D:9      | Noticed an ice dragon
  9687 | D:9      | Killed an ice dragon
  9687 | D:9      | Reached skill level 11 in Axes
  9687 | D:9      | Reached XP level 11. HP: 78/97 MP: 10/10
  9893 | D:10     | Entered Level 10 of the Dungeon
  9931 | D:10     | Found a staircase to the Orcish Mines.
 10177 | D:10     | Received a gift from Trog
 10296 | D:10     | You fall through a shaft!
 10560 | D:10     | Noticed a hill giant
 10568 | D:10     | Killed a hill giant
 10947 | D:11     | Found a staircase to the Lair.
 11517 | Lair:1   | Entered Level 1 of the Lair of Beasts
 11517 | Lair:1   | Noticed Nergalle
 11528 | Lair:1   | Killed Nergalle
 11528 | Lair:1   | Reached skill level 12 in Axes
 11640 | Lair:1   | Reached skill level 10 in Bows
 11650 | Lair:1   | Reached skill level 10 in Fighting
 11669 | Lair:1   | Received a gift from Trog
 11916 | Lair:1   | Reached XP level 12. HP: 106/106 MP: 11/11
 12034 | Lair:1   | Reached skill level 10 in Armour
 12042 | Lair:1   | Reached ****** piety under Trog
 12928 | Lair:2   | Received a gift from Trog
 13152 | Lair:2   | Noticed Harold
 13170 | Lair:2   | Killed Harold
 13170 | Lair:2   | Reached skill level 13 in Axes
 13670 | Lair:2   | Noticed Gastronok
 13689 | Lair:2   | Killed Gastronok
 14299 | Lair:3   | Noticed Rupert
 14300 | Lair:3   | Paralysed by Rupert for 4 turns
 14322 | Lair:3   | Killed Rupert
 14322 | Lair:3   | Reached skill level 10 in Dodging
 15158 | Lair:3   | Reached XP level 13. HP: 106/116 MP: 12/12
 15413 | Lair:4   | Identified a scroll of acquirement
 15636 | Lair:4   | Noticed Urug
 15644 | Lair:4   | Reached skill level 14 in Axes
 15658 | Lair:4   | Killed Urug
 15722 | Lair:4   | Received a gift from Trog
 16011 | Lair:4   | Noticed Snorg
 16028 | Lair:4   | Killed Snorg
 16390 | Lair:5   | Found a staircase to the Swamp.
 17357 | Lair:5   | Received a gift from Trog
 17729 | Lair:5   | Found a hole to the Spider Nest.
 17869 | Lair:5   | Reached skill level 15 in Axes
 18312 | Lair:6   | Received a gift from Trog
 18312 | Lair:6   | Reached XP level 14. HP: 99/126 MP: 13/13
 18690 | Lair:6   | Found a staircase to the Slime Pits.
 18955 | Lair:6   | Found a viscous altar of Jiyva.
 19076 | Lair:6   | Received a gift from Trog
 19350 | Lair:7   | HP: 3/126 [black mamba (11)]
 19357 | Lair:7   | Slain by a spiny frog

Skill      XL: |  1  2  3  4  5  6  7  8  9 10 11 12 13 |
---------------+----------------------------------------+-----
Armour         | 3 4 5 6 7 8 9 10 11 | 11.9
Fighting       | 4 5 6 7 8 9 10 11 12 | 12.2
Axes           | 4 5 6 8 9 11 12 13 15 | 15.2
Dodging        | 4 5 6 7 8 9 10 11 | 11.2
Bows           | 1 4 6 8 10 11 13 | 13.5

Action                   |  1- 3 |  4- 6 |  7- 9 | 10-12 | 13-15 || total
-------------------------+-------+-------+-------+-------+-------++-------
Melee: Hand axe          |    82 |   105 |   170 |       |       ||   357
       Headbutt          |    17 |    23 |    66 |    98 |    60 ||   264
       War axe           |       |       |   120 |   169 |       ||   289
       Broad axe         |       |       |       |   204 |   246 ||   450
 Fire: Shortbow          |       |       |   141 |   654 |   297 ||  1092
Invok: Berserk           |     1 |       |     2 |     5 |     5 ||    13
       Burn Spellbooks   |       |       |       |     4 |     1 ||     5
       Brothers in Arms  |       |       |       |       |     1 ||     1
  Use: Scroll            |       |       |     9 |     5 |    13 ||    27
       Potion            |       |       |       |       |     1 ||     1
  Eat: Chunk             |     3 |     4 |    21 |    32 |    16 ||    76
       Pizza             |       |       |       |       |     1 ||     1
Armor: Animal skin       |     1 |       |       |       |       ||     1
       Scale mail        |    20 |    26 |    53 |       |       ||    99
       Ring mail         |     1 |       |       |       |       ||     1
       Chain mail        |       |       |    90 |   177 |   162 ||   429
Dodge: Dodged            |    40 |    55 |   191 |   214 |   190 ||   690
